 Dungeon Crawl Stone Soup version 0.25-a0-942-g87a53962fc (webtiles) character file.

Game seed: 13425137643427381823, levelgen mode: deterministic

751 MisterFreud the Skirmisher (level 7, -6/60 HPs)
             Began as a Gnoll Abyssal Knight on May 7, 2020.
             Was a Priest of Lugonu.
             Mangled by an iguana (10 damage)
             ... on level 4 of the Dungeon.
             The game lasted 00:07:06 (4606 turns).

MisterFreud the Skirmisher (Gnoll Abyssal Knight)   Turns: 4606, Time: 00:07:07

Health: -6/60      AC:  6    Str: 14    XL:     7   Next: 78%
Magic:  11/11      EV: 13    Int: 17    God:    Lugonu [***...]
Gold:   154        SH:  0    Dex: 14    Spells: 11/11 levels left

rFire    . . .     SeeInvis .   r - +4 dagger
rCold    . . .     Gourm    .   (no shield)
rNeg     . . .     Faith    .   b - +0 leather armour
rPois    .         Spirit   .   (no helmet)
rElec    .         Reflect  .   f - +0 cloak
rCorr    .         Harm     .   y - +0 pair of gloves
MR       .....                  (no boots)
Stlth    ++........             l - amulet of rage
HPRegen  0.20/turn              (no ring)
MPRegen  0.12/turn              (no ring)

@: no status effects
A: distributed training, fangs 1, strong nose
a: Depart the Abyss, Bend Space, Banish, Renounce Religion, Evoke Berserk Rage


You were on level 4 of the Dungeon.
You worshipped Lugonu.
Lugonu was most pleased with you.
You were not hungry.

You visited 1 branch of the dungeon, and saw 5 of its levels.
You visited the Abyss 1 time.

You collected 154 gold pieces.

Inventory:

Hand Weapons
 a - a +1 short sword
 r - a +4 dagger (weapon)
Missiles
 h - 73 sling bullets
 i - 38 arrows
 j - 13 bolts
 m - 138 stones (quivered)
 s - 28 poisoned darts
Armour
 b - a +0 leather armour (worn)
 f - a +0 cloak (worn)
 y - a +0 pair of gloves (worn)
Jewellery
 l - an amulet of rage (around neck)
Wands
 q - a wand of flame (7)
 A - a wand of digging (5)
Scrolls
 d - 3 scrolls of teleportation {unknown}
 e - 2 scrolls of random uselessness {unknown}
 n - a scroll of fear {unknown}
 u - 2 scrolls of magic mapping {unknown}
 v - 2 scrolls of remove curse {unknown}
 B - a scroll of identify
 C - a scroll of fog {unknown}
Potions
 g - a potion of degeneration
 o - a potion of mutation
 p - a potion of magic
 t - a potion of ambrosia
 w - a potion of resistance
 x - 2 potions of lignification
 z - a potion of might {unknown}
Comestibles
 c - 5 rations
 k - 2 chunks of flesh


   Skills:
 + Level 7.1 Fighting
 + Level 5.3 Short Blades
 + Level 2.6 Long Blades
 + Level 2.6 Axes
 + Level 2.6 Maces & Flails
 + Level 2.6 Polearms
 + Level 2.6 Staves
 + Level 2.6 Slings
 + Level 2.6 Bows
 + Level 2.6 Crossbows
 + Level 2.6 Throwing
 + Level 5.3 Armour
 + Level 3.7 Dodging
 + Level 2.6 Stealth
 + Level 2.6 Shields
 + Level 2.6 Unarmed Combat
 + Level 2.6 Spellcasting
 + Level 2.1 Conjurations
 + Level 2.1 Hexes
 + Level 2.1 Charms
 + Level 2.1 Summonings
 + Level 2.1 Necromancy
 + Level 2.1 Translocations
 + Level 2.1 Transmutations
 + Level 2.1 Fire Magic
 + Level 2.1 Ice Magic
 + Level 2.1 Air Magic
 + Level 2.1 Earth Magic
 + Level 2.1 Poison Magic
 + Level 5.5 Invocations
 + Level 2.6 Evocations


You had 11 spell levels left.
You didn't know any spells.
Your spell library was empty.

Dungeon Overview and Level Annotations

Branches:
Dungeon (5/15)
 Temple: D:4-7

Altars:
Kikubaaqudgha
Nemelex Xobeh
Qazlal
Trog
Uskayaw
Wu Jian
Xom


Innate Abilities, Weirdness & Mutations

Your experience applies equally to all skills.
You have very sharp teeth.
Your uncanny sense of smell can sniff out nearby items.


Message History

The iguana is almost dead.
The iguana bites you!
* * * LOW HITPOINT WARNING * * *
You closely miss the iguana. You bite the iguana, but do no damage.
The iguana is almost dead.
The iguana bites you.
* * * LOW HITPOINT WARNING * * *
You completely miss the iguana.
The iguana is almost dead.
You completely miss the iguana.
The iguana is almost dead.
The iguana closely misses you.
You closely miss the iguana.
The iguana is almost dead.
The iguana bites you!
* * * LOW HITPOINT WARNING * * *
You hit the iguana but do no damage.
The iguana is almost dead.
The iguana bites you!
You die...

#...# #.#.... #...###.
#.#.##. #...... #.#.##.
#....# #...##. ##....#
####### #####
#....######. #.. #^...#
####........... #..
#....#####............#
#..
#.......##.##...@l....#
#..
#.##.##.####.......#
### ####.##.##.#
#######.# ...#.......#
.........### .........#
.........# ##.......# ∆
## #.......# #.


You could see an iguana.

Vanquished Creatures
  Grinder (D:3)
  Sigmund (D:3)
  A hound (D:4)
  An orc priest (D:4)
  A bullfrog skeleton (D:4)
  An orc wizard (D:4)
  4 worker ants
  3 gnolls
  5 adders
  2 oozes
  4 worms
  2 dart slugs
  3 leopard geckos
  11 orcs
  5 giant cockroaches
  5 goblins
  8 hobgoblins
  16 jackals
  A quokka (D:3)
  6 bats
  2 frilled lizards
  7 kobolds
  6 rats
96 creatures vanquished.

Notes
Turn   | Place    | Note
-------+----------+-------------------------------------------
     0 | Abyss:1  | MisterFreud the Gnoll Abyssal Knight began the quest for
                  | the Orb.
     0 | Abyss:1  | Reached XP level 1. HP: 23/23 MP: 3/3
    11 | D:1      | Escaped the Abyss
   320 | D:1      | Reached XP level 2. HP: 29/29 MP: 5/5
  1015 | D:2      | Found a shimmering altar of Xom.
  1024 | D:2      | You fall into a shaft and drop 2 floors!
  1041 | D:5      | Entered Level 5 of the Dungeon
  1047 | D:5      | Reached XP level 3. HP: 7/35 MP: 6/6
  1250 | D:5      | Reached skill level 1 in Long Blades
  1250 | D:5      | Reached skill level 1 in Axes
  1250 | D:5      | Reached skill level 1 in Maces & Flails
  1250 | D:5      | Reached skill level 1 in Polearms
  1250 | D:5      | Reached skill level 1 in Staves
  1250 | D:5      | Reached skill level 1 in Slings
  1250 | D:5      | Reached skill level 1 in Bows
  1250 | D:5      | Reached skill level 1 in Crossbows
  1250 | D:5      | Reached skill level 1 in Throwing
  1250 | D:5      | Reached skill level 1 in Stealth
  1250 | D:5      | Reached skill level 1 in Shields
  1250 | D:5      | Reached skill level 1 in Unarmed Combat
  1250 | D:5      | Reached skill level 1 in Spellcasting
  1250 | D:5      | Reached skill level 1 in Evocations
  1261 | D:5      | Noticed an ogre
  1281 | D:4      | Reached XP level 4. HP: 23/41 MP: 7/7
  1915 | D:3      | Reached ** piety under Lugonu
  1919 | D:3      | Found a sparkling altar of Nemelex Xobeh.
  1992 | D:3      | Noticed Sigmund
  2020 | D:3      | Killed Sigmund
  2020 | D:3      | Reached skill level 1 in Conjurations
  2020 | D:3      | Reached skill level 1 in Hexes
  2020 | D:3      | Reached skill level 1 in Charms
  2020 | D:3      | Reached skill level 1 in Summonings
  2020 | D:3      | Reached skill level 1 in Necromancy
  2020 | D:3      | Reached skill level 1 in Translocations
  2020 | D:3      | Reached skill level 1 in Transmutations
  2020 | D:3      | Reached skill level 1 in Fire Magic
  2020 | D:3      | Reached skill level 1 in Ice Magic
  2020 | D:3      | Reached skill level 1 in Air Magic
  2020 | D:3      | Reached skill level 1 in Earth Magic
  2020 | D:3      | Reached skill level 1 in Poison Magic
  2020 | D:3      | Reached skill level 5 in Invocations
  2020 | D:3      | Reached XP level 5. HP: 16/47 MP: 8/8
  2020 | D:3      | Reached XP level 6. HP: 18/53 MP: 9/9
  2681 | D:2      | Found a stormy altar of Qazlal.
  2710 | D:2      | Reached skill level 5 in Short Blades
  2710 | D:2      | Reached skill level 5 in Armour
  3344 | D:3      | Reached *** piety under Lugonu
  3438 | D:3      | Found a hide-covered altar of Uskayaw.
  3646 | D:3      | Noticed Grinder
  3667 | D:3      | Paralysed by Grinder for 2 turns
  3669 | D:3      | Killed Grinder
  3669 | D:3      | Reached skill level 7 in Fighting
  3669 | D:3      | Reached XP level 7. HP: 32/60 MP: 10/10
  4455 | D:4      | Found an ancient bone altar of Kikubaaqudgha.
  4457 | D:4      | Found an ornate altar of the Wu Jian Council.
  4457 | D:4      | Found a bloodstained altar of Trog.
  4606 | D:4      | Mangled by an iguana

Levels and vault maps discovered:
D:1:      dpeg_arrival_refuge, layout_basic, dk_noncrumbling_4
D:2:      layout_basic, lemuel_coloured_pillars_altar, grunt_qazlal_sundering,
          first_ration
D:3:      layout_rooms, lemuel_round_altar, overflow_temple_1_default,
          uniq_sigmund, uniq_grinder
D:4:      layout_basic, gammafunk_temple_overflow_forgotten
D:5:      layout_basic, basic_altar

Skill      XL: |  1  2  3  4  5  6  7 |
---------------+----------------------+-----
Long Blades    | 1 2 |  2.6
Axes           | 1 2 |  2.6
Maces & Flails | 1 2 |  2.6
Polearms       | 1 2 |  2.6
Staves         | 1 2 |  2.6
Slings         | 1 2 |  2.6
Bows           | 1 2 |  2.6
Crossbows      | 1 2 |  2.6
Throwing       | 1 2 |  2.6
Stealth        | 1 2 |  2.6
Shields        | 1 2 |  2.6
Unarmed Combat | 1 2 |  2.6
Spellcasting   | 1 2 |  2.6
Evocations     | 1 2 |  2.6
Dodging        | 3 |  3.7
Conjurations   | 1 2 |  2.1
Hexes          | 1 2 |  2.1
Charms         | 1 2 |  2.1
Summonings     | 1 2 |  2.1
Necromancy     | 1 2 |  2.1
Translocations | 1 2 |  2.1
Transmutations | 1 2 |  2.1
Fire Magic     | 1 2 |  2.1
Ice Magic      | 1 2 |  2.1
Air Magic      | 1 2 |  2.1
Earth Magic    | 1 2 |  2.1
Poison Magic   | 1 2 |  2.1
Invocations    | 5 |  5.5
Short Blades   | 5 |  5.3
Armour         | 5 |  5.3
Fighting       | 7 |  7.1

Action                   |  1- 3 |  4- 6 |  7- 9 || total
-------------------------+-------+-------+-------++-------
Melee: Short sword       |    95 |    14 |       ||   109
       Bite              |    11 |    19 |    17 ||    47
       Dagger            |       |   200 |   105 ||   305
       Punch             |       |     1 |     1 ||     2
Evoke: Wand              |       |     3 |     1 ||     4
  Use: Potion            |       |     2 |       ||     2
       Scroll            |       |     6 |       ||     6
 Stab: Sleeping          |     3 |       |     2 ||     5
       Distracted        |       |     3 |     1 ||     4
  Eat: Chunk             |     1 |     8 |     3 ||    12
Armor: Leather armour    |    20 |    37 |    13 ||    70
Dodge: Dodged            |    65 |   121 |    35 ||   221

Table legend:
 A = Non-vault XP
 B = Vault XP
 C = Vault XP percentage of total XP
 D = Non-vault monster count
 E = Vault monster count
 F = Vault count percentage of total count
                 A         B        C        D         E       F
            +---------+---------+-------+---------+---------+-------
      Total |     581 |     492 |  45.9 |      94 |       2 |   2.1
            +---------+---------+-------+---------+---------+-------
        D:1 |      32 |       0 |   0.0 |      17 |       0 |   0.0
        D:2 |     105 |       0 |   0.0 |      27 |       0 |   0.0
        D:3 |      72 |     492 |  87.2 |      26 |       2 |   7.1
        D:4 |     325 |       0 |   0.0 |      22 |       0 |   0.0
        D:5 |      47 |       0 |   0.0 |       2 |       0 |   0.0
            +---------+---------+-------+---------+---------+-------
